 Dungeon Crawl Stone Soup version 0.22-a0-254-gaf95ca0 (webtiles) character file.

103646 emperorscorpion the Thaumaturge (level 16, -7/126 HPs)
             Began as a Gnoll Skald on Mar 4, 2018.
             Was the Champion of Okawaru.
             Killed from afar by a deep elf knight (38 damage)
             ... with a shard of ice
             ... on level 1 of the Elven Halls on Mar 5, 2018.
             The game lasted 01:16:29 (20395 turns).

emperorscorpion the Thaumaturge (Gnoll Skald)      Turns: 20395, Time: 01:16:31

Health: -7/126     AC: 24    Str: 26    XL:     16   Next: 36%
Magic:  13/31      EV: 17    Int: 17    God:    Okawaru [******]
Gold:   2320       SH:  0    Dex: 21    Spells: 27/38 levels left

rFire    + . .     SeeInvis .   a - +2 battleaxe (elec)
rCold    . . .     Gourm    .   (shield currently unavailable)
rNeg     + . .     Faith    +   K - +5 chain mail {rF+}
rPois    .         Spirit   .   Z - +0 helmet "Urysygha" {rN+ Str+4 Int+2 Slay+2}
rElec    .         Reflect  .   g - scarf {cloud immunity}
rCorr    .         Harm     .   u - +2 pair of gloves {Dex+3}
MR       +....                  (no boots)
Stlth    ++........             L - amulet of faith
HPRegen  0.31/turn              y - +3 ring of protection
MPRegen  0.22/turn              H - +4 ring of strength

@: lethally poisoned (-7 -> -7), finesse
A: distributed training, fangs 1, strong nose
a: Heroism, Finesse, Renounce Religion


You were on level 1 of the Elven Halls.
You worshipped Okawaru.
Okawaru was exalted by your worship.
You were not hungry.

You visited 4 branches of the dungeon, and saw 22 of its levels.
You also visited: Sewer.

You collected 2863 gold pieces.
You spent 543 gold pieces at shops.

Inventory:

Hand Weapons
 a - a +2 battleaxe of electrocution (weapon)
 b - the +10 shortbow of Veduiq {venom, Dex+4}
   (You found it on level 5 of the Lair of Beasts)

   It poisons the ammo it fires.
   It affects your dexterity (+4).
 q - a +3 quarterstaff of chaos
Missiles
 e - 495 arrows
 v - 4 tomahawks of returning (quivered)
 B - 10 exploding tomahawks
 E - 2 throwing nets
 J - 8 curare-tipped needles
Armour
 g - a scarf of cloud immunity (worn)
 u - a +2 pair of gloves of dexterity (worn)
 K - a +5 chain mail of fire resistance (worn)
 V - a +1 helmet of see invisible
 Z - the +0 helmet "Urysygha" (worn) {rN+ Str+4 Int+2 Slay+2}
   (Okawaru gifted it to you on level 10 of the Dungeon)

   It affects your strength (+4).
   It affects your intelligence (+2).
   It affects your accuracy and damage with ranged weapons and melee attacks
   (+2).
   It protects you from negative energy.
Jewellery
 i - an uncursed ring of fire
 t - an uncursed ring of protection from cold
 y - a +3 ring of protection (left hand)
 H - a +4 ring of strength (right hand)
 L - an amulet of faith (around neck)
 M - an uncursed ring of protection from cold
Wands
 f - a wand of digging (16)
 x - a wand of paralysis (12)
 P - a wand of flame (74)
 Q - a wand of iceblast (34)
 R - a wand of enslavement (27)
 T - a wand of acid (6)
Scrolls
 j - a scroll of magic mapping
 n - a scroll of silence
 o - 2 scrolls of immolation
 p - 10 scrolls of remove curse
 s - 2 scrolls of amnesia
 F - 4 scrolls of identify
 S - a scroll of blinking
 U - 4 scrolls of fear
 W - 2 scrolls of teleportation
 Y - a scroll of fog
Potions
 h - 5 potions of heal wounds
 k - 5 potions of berserk rage
 l - 2 potions of haste
 r - 12 potions of curing
 w - 3 potions of flight
 z - a potion of invisibility
 A - a potion of might
 C - a potion of magic
 D - a potion of lignification
 G - a potion of agility
 N - a potion of mutation {unknown}
 O - 3 potions of brilliance
Miscellaneous
 c - a phial of floods (inert)
 I - a box of beasts
 X - a lightning rod (4/4)
Comestibles
 d - 42 rations
 m - 9 chunks of flesh


   Skills:
 + Level 11.4 Fighting
 + Level 10.6 Short Blades
 + Level 10.6 Long Blades
 + Level 10.6 Axes
 + Level 10.6 Maces & Flails
 + Level 11.4 Polearms
 + Level 10.6 Staves
 + Level 10.6 Slings
 + Level 10.6 Bows
 + Level 10.6 Crossbows
 + Level 10.6 Throwing
 + Level 10.9 Armour
 + Level 11.4 Dodging
 + Level 10.6 Stealth
 + Level 10.6 Shields
 + Level 10.6 Unarmed Combat
 + Level 11.6 Spellcasting
 + Level 9.0 Conjurations
 + Level 9.0 Hexes
 + Level 10.4 Charms
 + Level 9.0 Summonings
 + Level 9.0 Necromancy
 + Level 9.0 Translocations
 + Level 9.0 Transmutations
 + Level 9.0 Fire Magic
 + Level 9.0 Ice Magic
 + Level 9.0 Air Magic
 + Level 9.0 Earth Magic
 + Level 9.0 Poison Magic
 + Level 11.4 Invocations
 + Level 10.6 Evocations


You had 27 spell levels left.
You knew the following spells:

 Your Spells              Type           Power        Failure   Level  Hunger
a - Sticks to Snakes      Tmut           #####...     1%          2    None
b - Mephitic Cloud        Conj/Pois/Air  #####...     2%          3    None
r - Regeneration          Chrm/Necr      #####.....   1%          3    None
s - Spectral Weapon       Hex/Chrm       #####...     1%          3    None


Dungeon Overview and Level Annotations

Branches:
Dungeon (13/15)            Temple (0/1) D:7            Lair (6/6) D:11
  Swamp (0/4) Lair:4        Snake (0/4) Lair:3        Slime (0/5) Lair:6
    Orc (2/2) D:10            Elf (1/3) Orc:2
 Vaults: D:13-14

Altars:
Ashenzari
Dithmenos
Fedhas
Kikubaaqudgha
Makhleb
Nemelex Xobeh
Okawaru
Qazlal
Sif Muna
Vehumet
Wu Jian
Xom
Zin
Jiyva

Shops:
D:9 [[   Orc:2 %[?[   Elf:1 !


Innate Abilities, Weirdness & Mutations

Your experience applies equally to all skills.
You have very sharp teeth.
Your uncanny sense of smell can sniff out nearby items.


Message History

Your water elemental is destroyed!
You feel sick.
You feel sick.
Put on which piece of jewellery? (? for menu, Esc to quit)
Okay, then.
Unknown command.
The +10 shortbow of Veduiq {venom, Dex+4} stops dripping with poison.
You hear the crackle of electricity.
a - a +2 battleaxe of electrocution (weapon)
Something hits you.
* * * LOW HITPOINT WARNING * * *
You closely miss something. Your bite misses something. You slash something!
Lightning courses through something! You bite something. Something hits you.
* * * LOW HITPOINT WARNING * * *
You closely miss something.
You feel sick.
You hear some strange, mumbled words.
A shard of ice appears from out of thin air!
The shard of ice hits you!
You die...

#.## #.##.##....# .. .## .#
#.###.#...# #.. (. . #.# ##....#
#.# .. .# #.# ##...# #.# ###.(
.### #.# #...# #.##.. ##(##.
...###.## ##..####.##.. ∆##.(.#)
..##..#.## ##......##.. ##.((.(.
..#....#.####.......##.###.≈⌠((.(
#.......)...".(.@{...#.#.##≈(.(.∆
.)#.....#....######..#.#..##({###
..#..........# #..#.#...##))..
...#..#.....## #..#)E{...#....
#######.)..## #..'##...).)... #
###..## #.######....... # #..)#
#.. ###...## # #.#.# ##. ##.##
#...# . #+#


There were no monsters in sight!

Vanquished Creatures
  Gastronok (Lair:2)
  An orc warlord (Orc:1)
  3 dire elephants (Lair:6)
  A deep elf high priest (Elf:1)
  8 hydras
  2 catoblepae (Lair:6)
  18 two-headed ogres
  4 dancing weapons (Elf:1)
  7 death yaks
  A tengu warrior (D:11)
  3 ogre magi
  An orc high priest (Orc:1)
  2 deep elf knights (Elf:1)
  The ghost of RoseArtemis the Cleaver, a novice MiFi (D:10)
  3 skeletal warriors
  An unseen horror (D:12)
  2 deep trolls (Orc:2)
  3 deep elf archers (Elf:1)
  3 lindwurms (Lair:6)
  4 orc knights
  2 orc sorcerers (Orc:2)
  26 deep elf magi (Elf:1)
  3 cyclopes
  3 manticores
  An ugly thing (D:11)
  4 oklob plants (Lair:6)
  6 elephants (Lair:6)
  3 black mambas
  8 spiny frogs
  4 rime drakes
  4 komodo dragons
  12 trolls
  9 polar bears (Lair:6)
  2 raiju (Lair:6)
  3 dream sheep (Lair:6)
  16 blink frogs
  10 hippogriffs
  An air elemental (Elf:1)
  A spriggan (D:11)
  3 shadows
  A water elemental (Elf:1)
  49 yaks
  10 wyverns
  3 basilisks
  2 steam dragons
  4 hungry ghosts
  2 swamp worms (Lair:4)
  An acid dragon (D:11)
  8 wargs
  13 hell hounds (Lair:6)
  11 water moccasins
  12 porcupines
  2 ice beasts
  11 black bears (Lair:6)
  A hornet zombie (D:8)
  20 orc warriors
  2 phantoms
  2 necrophages
  3 sky beasts
  21 wolves
  11 centaurs
  25 ogres
  13 crocodiles
  3 big kobolds
  16 bullfrogs
  A wyvern zombie (D:10)
  2 wyvern skeletons
  5 scorpions
  A scorpion (shapeshifter) (D:10)
  6 killer bees
  3 howler monkeys
  9 wights
  3 electric eels
  5 crimson imps
  A centaur zombie (D:12)
  A bullfrog zombie (D:11)
  2 bullfrog skeletons
  4 hounds
  9 orc priests
  Crazy Yiuf (D:4)
  5 centaur skeletons
  6 jellies
  25 orc wizards
  2 iguanas
  11 worker ants
  2 worker ant zombies
  A river rat (Sewer)
  11 adders
  6 oozes (D:2)
  3 adder zombies
  2 adder skeletons
  4 worms
  A dart slug (shapeshifter) (D:5)
  A dart slug (D:3)
  A leopard gecko (D:8)
  103 orcs
  8 giant cockroaches
  6 goblins
  3 hobgoblins
  17 jackals
  25 kobolds
  A quokka (D:7)
  A ball python (D:4)
  3 bats
  5 frilled lizards
  A giant cockroach zombie (D:5)
  A jackal skeleton (D:5)
  A leopard gecko skeleton (D:4)
  10 rats
  3 fungi
  4 plants
762 creatures vanquished.

Vanquished Creatures (collateral kills)
  A dancing weapon (Elf:1)
  An orc priest (D:9)
2 creatures vanquished.

Vanquished Creatures (others)
  A centaur (D:9)
  2 wights
  3 fungi
  19 plants
  7 spectral weapons
  9 toadstools (D:2)
41 creatures vanquished.

Grand Total: 805 creatures vanquished

Notes
Turn   | Place    | Note
-------+----------+-------------------------------------------
     0 | D:1      | emperorscorpion the Gnoll Skald began the quest for the Orb.
     0 | D:1      | Reached XP level 1. HP: 20/20 MP: 6/6
   352 | D:1      | Reached XP level 2. HP: 10/26 MP: 7/7
   852 | D:2      | Found an iron altar of Okawaru.
   853 | D:2      | Reached skill level 5 in Spellcasting
   853 | D:2      | Reached XP level 3. HP: 23/31 MP: 7/9
   863 | D:2      | Became a worshipper of Warmaster Okawaru
  1068 | D:2      | Reached skill level 1 in Invocations
  1291 | D:2      | Reached skill level 1 in Short Blades
  1291 | D:2      | Reached skill level 1 in Long Blades
  1291 | D:2      | Reached skill level 1 in Axes
  1291 | D:2      | Reached skill level 1 in Maces & Flails
  1291 | D:2      | Reached skill level 1 in Staves
  1291 | D:2      | Reached skill level 1 in Slings
  1291 | D:2      | Reached skill level 1 in Bows
  1291 | D:2      | Reached skill level 1 in Crossbows
  1291 | D:2      | Reached skill level 1 in Throwing
  1291 | D:2      | Reached skill level 1 in Stealth
  1291 | D:2      | Reached skill level 1 in Shields
  1291 | D:2      | Reached skill level 1 in Unarmed Combat
  1291 | D:2      | Reached skill level 1 in Evocations
  1291 | D:2      | Reached XP level 4. HP: 30/38 MP: 11/11
  1492 | D:3      | Found a blossoming altar of Fedhas.
  1751 | D:3      | Reached skill level 1 in Conjurations
  1751 | D:3      | Reached skill level 1 in Hexes
  1751 | D:3      | Reached skill level 1 in Summonings
  1751 | D:3      | Reached skill level 1 in Necromancy
  1751 | D:3      | Reached skill level 1 in Translocations
  1751 | D:3      | Reached skill level 1 in Transmutations
  1751 | D:3      | Reached skill level 1 in Fire Magic
  1751 | D:3      | Reached skill level 1 in Ice Magic
  1751 | D:3      | Reached skill level 1 in Air Magic
  1751 | D:3      | Reached skill level 1 in Earth Magic
  1751 | D:3      | Reached skill level 1 in Poison Magic
  1962 | D:2      | Reached XP level 5. HP: 32/43 MP: 12/12
  2841 | D:4      | Found a glowing drain.
  2867 | Sewer    | Entered a sewer
  2995 | Sewer    | Noticed a big kobold
  3007 | Sewer    | Killed a big kobold
  3007 | Sewer    | Reached XP level 6. HP: 46/50 MP: 13/13
  3064 | Sewer    | Found a white marble altar of Elyvilon.
  3197 | D:4      | Learned a level 3 spell: Regeneration
  3201 | D:4      | Learned a level 3 spell: Spectral Weapon
  3216 | D:4      | Reached skill level 5 in Fighting
  3216 | D:4      | Reached skill level 5 in Polearms
  3216 | D:4      | Reached skill level 5 in Dodging
  3221 | D:4      | Reached * piety under Okawaru
  3534 | D:4      | Reached XP level 7. HP: 26/56 MP: 11/15
  3811 | D:4      | Found a runed door.
  3816 | D:4      | Noticed Crazy Yiuf
  3824 | D:4      | Killed Crazy Yiuf
  3936 | D:5      | Entered Level 5 of the Dungeon
  3972 | D:5      | Found a shimmering altar of Xom.
  4266 | D:5      | Reached ** piety under Okawaru
  4266 | D:5      | Reached XP level 8. HP: 63/63 MP: 14/16
  4391 | D:5      | Found a stormy altar of Qazlal.
  4399 | D:5      | Found a burning altar of Makhleb.
  4402 | D:5      | Found an ancient bone altar of Kikubaaqudgha.
  4659 | D:6      | Found a shimmering altar of Xom.
  4661 | D:6      | Found a shimmering altar of Xom.
  4663 | D:6      | Found a shimmering altar of Xom.
  5443 | D:6      | Found a deep blue altar of Sif Muna.
  5560 | D:6      | Found a shimmering altar of Xom.
  5766 | D:7      | Found a staircase to the Ecumenical Temple.
  6032 | D:7      | Reached XP level 9. HP: 69/69 MP: 18/18
  6059 | D:7      | Reached *** piety under Okawaru
  6942 | D:8      | Found an ornate altar of the Wu Jian Council.
  6942 | D:8      | Noticed a two-headed ogre
  6949 | D:8      | Received a gift from Okawaru
  6952 | D:8      | Killed a two-headed ogre
  6952 | D:8      | Reached **** piety under Okawaru
  6952 | D:8      | Reached skill level 5 in Armour
  6952 | D:8      | Reached skill level 5 in Invocations
  7067 | D:8      | Found a sparkling altar of Nemelex Xobeh.
  7224 | D:8      | Received a gift from Okawaru
  7224 | D:8      | Reached XP level 10. HP: 74/77 MP: 20/20
  7461 | D:9      | Found Nomneebb's Armour Boutique.
  7559 | D:9      | Found a shadowy altar of Dithmenos.
  7571 | D:9      | Reached skill level 5 in Short Blades
  7571 | D:9      | Reached skill level 5 in Long Blades
  7571 | D:9      | Reached skill level 5 in Axes
  7571 | D:9      | Reached skill level 5 in Maces & Flails
  7571 | D:9      | Reached skill level 5 in Staves
  7571 | D:9      | Reached skill level 5 in Slings
  7571 | D:9      | Reached skill level 5 in Bows
  7571 | D:9      | Reached skill level 5 in Crossbows
  7571 | D:9      | Reached skill level 5 in Throwing
  7571 | D:9      | Reached skill level 5 in Stealth
  7571 | D:9      | Reached skill level 5 in Shields
  7571 | D:9      | Reached skill level 5 in Unarmed Combat
  7571 | D:9      | Reached skill level 5 in Evocations
  7612 | D:9      | Noticed a two-headed ogre
  7623 | D:9      | Killed a two-headed ogre
  7623 | D:9      | Reached ***** piety under Okawaru
  7671 | D:9      | Noticed a two-headed ogre
  7903 | D:9      | Killed a two-headed ogre
  7903 | D:9      | Received a gift from Okawaru
  7930 | D:9      | Found Omauttew's Armour Boutique.
  8013 | D:9      | Bought a +1 helmet of see invisible for 198 gold pieces
  8177 | D:9      | Found a glowing silver altar of Zin.
  8178 | D:9      | Noticed an angel
  8289 | D:10     | Entered Level 10 of the Dungeon
  8289 | D:10     | Noticed a two-headed ogre
  8297 | D:10     | Killed a two-headed ogre
  8472 | D:10     | Found a staircase to the Orcish Mines.
  8557 | D:10     | Noticed RoseArtemis's ghost (novice MiFi)
  8590 | D:10     | Killed RoseArtemis's ghost
  8590 | D:10     | Received a gift from Okawaru
  8590 | D:10     | Reached XP level 11. HP: 52/84 MP: 19/22
  8596 | D:10     | Got a translucent helmet {god gift}
  8612 | D:10     | Identified the +0 helmet "Urysygha" {rN+ Str+4 Int+2 Slay+2} (Okawaru gifted it to you on level 10 of the Dungeon)
  8879 | D:10     | Noticed a two-headed ogre
  8887 | D:10     | Reached skill level 5 in Conjurations
  8887 | D:10     | Reached skill level 5 in Hexes
  8887 | D:10     | Reached skill level 5 in Summonings
  8887 | D:10     | Reached skill level 5 in Necromancy
  8887 | D:10     | Reached skill level 5 in Translocations
  8887 | D:10     | Reached skill level 5 in Transmutations
  8887 | D:10     | Reached skill level 5 in Fire Magic
  8887 | D:10     | Reached skill level 5 in Ice Magic
  8887 | D:10     | Reached skill level 5 in Air Magic
  8887 | D:10     | Reached skill level 5 in Earth Magic
  8887 | D:10     | Reached skill level 5 in Poison Magic
  8891 | D:10     | Killed a two-headed ogre
  9477 | D:11     | Found a shattered altar of Ashenzari.
  9696 | D:11     | Noticed a purple ugly thing
  9708 | D:11     | Killed a purple ugly thing
  9712 | D:11     | Noticed a cyclops
  9754 | D:11     | Killed a cyclops
  9813 | D:11     | Noticed a five-headed hydra
  9825 | D:11     | Received a gift from Okawaru
  9838 | D:11     | Killed a five-headed hydra
  9871 | D:11     | Noticed an ogre mage
  9884 | D:11     | Killed an ogre mage
  9884 | D:11     | Reached XP level 12. HP: 79/93 MP: 20/24
 10105 | D:11     | Reached ****** piety under Okawaru
 10130 | D:11     | Found a staircase to the Lair.
 10276 | D:11     | Noticed a two-headed ogre
 10292 | D:11     | Killed a two-headed ogre
 10292 | D:11     | Received a gift from Okawaru
 10355 | D:11     | Noticed a tengu warrior
 10368 | D:11     | Killed a tengu warrior
 10688 | D:12     | Noticed a two-headed ogre
 10693 | D:12     | Killed a two-headed ogre
 10959 | D:12     | Noticed a two-headed ogre
 10964 | D:12     | Killed a two-headed ogre
 10964 | D:12     | Received a gift from Okawaru
 11058 | D:12     | Noticed a two-headed ogre
 11073 | D:12     | Killed a two-headed ogre
 11144 | D:12     | Reached XP level 13. HP: 85/101 MP: 26/26
 11230 | D:13     | Learned a level 2 spell: Sticks to Snakes
 11340 | Orc:1    | Entered Level 1 of the Orcish Mines
 11431 | Orc:1    | Learned a level 3 spell: Mephitic Cloud
 11601 | Orc:1    | Received a gift from Okawaru
 11932 | Orc:1    | Noticed an orc warlord
 11943 | Orc:1    | Killed an orc warlord
 11982 | Orc:2    | Entered Level 2 of the Orcish Mines
 12130 | Orc:2    | Found a staircase to the Elven Halls.
 12148 | Orc:2    | Received a gift from Okawaru
 12498 | Orc:2    | Received a gift from Okawaru
 12521 | Orc:2    | Received a gift from Okawaru
 12662 | Orc:2    | Received a gift from Okawaru
 12673 | Orc:2    | Got a pitted ring mail {god gift}
 12674 | Orc:2    | Identified the +0 ring mail of the Suburbs {MR+ MP-9 Str+4} (Okawaru gifted it to you on level 2 of the Orcish Mines)
 12696 | Orc:2    | Reached skill level 10 in Spellcasting
 12702 | Orc:2    | Noticed an ogre mage
 12703 | Orc:2    | Paralysed by an ogre mage for 4 turns
 12733 | Orc:2    | Reached XP level 14. HP: 98/109 MP: 4/28
 12820 | Orc:2    | Found Sesaak's Magic Scroll Shoppe.
 12820 | Orc:2    | Found Yrchuhi's Food Emporium.
 12884 | Orc:2    | Found Fuulou's Antique Armour Shop.
 12897 | Orc:2    | Bought a scroll of silence for 105 gold pieces
 12900 | Orc:2    | Found Zatsedol's Antique Armour Shoppe.
 12903 | Orc:2    | Bought an embroidered cloak for 240 gold pieces
 13360 | Lair:1   | Entered Level 1 of the Lair of Beasts
 13472 | Lair:1   | Reached skill level 10 in Fighting
 13472 | Lair:1   | Reached skill level 10 in Polearms
 13472 | Lair:1   | Reached skill level 10 in Dodging
 14239 | Lair:2   | Received a gift from Okawaru
 14259 | Lair:2   | Noticed Gastronok
 14268 | Lair:2   | Killed Gastronok
 14424 | Lair:2   | Received a gift from Okawaru
 14972 | Lair:3   | Reached skill level 10 in Invocations
 15025 | Lair:3   | Found a staircase to the Snake Pit.
 15132 | Lair:3   | Received a gift from Okawaru
 16477 | Lair:4   | Reached XP level 15. HP: 117/117 MP: 29/29
 16486 | Lair:4   | Found a staircase to the Swamp.
 16775 | Lair:5   | Got an ichor-stained shortbow
 16776 | Lair:5   | Identified the +10 shortbow of Veduiq {venom, Dex+4} (You found it on level 5 of the Lair of Beasts)
 16830 | Lair:5   | Got a crystal scythe
 16831 | Lair:5   | Identified the +6 scythe "Vell" {slice, +Fly Str+2 Int+4} (You found it on level 5 of the Lair of Beasts)
 16911 | Lair:5   | Reached skill level 10 in Armour
 17369 | Lair:6   | Entered Level 6 of the Lair of Beasts
 17416 | Lair:6   | Received a gift from Okawaru
 18068 | Lair:6   | Identified a scroll of acquirement
 18126 | Lair:6   | Reached skill level 10 in Charms
 18543 | Lair:6   | Received a gift from Okawaru
 18550 | Lair:6   | Reached skill level 10 in Short Blades
 18550 | Lair:6   | Reached skill level 10 in Long Blades
 18550 | Lair:6   | Reached skill level 10 in Axes
 18550 | Lair:6   | Reached skill level 10 in Maces & Flails
 18550 | Lair:6   | Reached skill level 10 in Staves
 18550 | Lair:6   | Reached skill level 10 in Slings
 18550 | Lair:6   | Reached skill level 10 in Bows
 18550 | Lair:6   | Reached skill level 10 in Crossbows
 18550 | Lair:6   | Reached skill level 10 in Throwing
 18550 | Lair:6   | Reached skill level 10 in Stealth
 18550 | Lair:6   | Reached skill level 10 in Shields
 18550 | Lair:6   | Reached skill level 10 in Unarmed Combat
 18550 | Lair:6   | Reached skill level 10 in Evocations
 18976 | Lair:6   | Found a viscous altar of Jiyva.
 18977 | Lair:6   | Found a staircase to the Slime Pits.
 19130 | Lair:6   | Received a gift from Okawaru
 19276 | Lair:6   | Received a gift from Okawaru
 19678 | Elf:1    | Entered Level 1 of the Elven Halls
 19683 | Elf:1    | Received a gift from Okawaru
 19802 | Elf:1    | Reached XP level 16. HP: 109/125 MP: 31/31
 20006 | Elf:1    | Found a radiant altar of Vehumet.
 20030 | Elf:1    | Found Limnyar's Distillery.
 20245 | Elf:1    | Received a gift from Okawaru
 20395 | Elf:1    | Killed from afar by a deep elf knight

Vault maps used:
D:1:      dpeg_arrival_concentric_ovals
D:2:      cheibrodos_fertilizer, okawaru_metal_pillars_1_2, first_ration
D:3:      nicolae_overflow_crystal_walls
D:4:      portal_sewer_entry_b, minmay_misc_feat_x, minmay_bisected,
          uniq_crazy_yiuf_cottage
D:5:      nicolae_overflow_hidden_temple, grunt_temple_overflow_open,
          basic_altar, grunt_ministairs_11
D:6:      led_sif_book, xom_redecorated
D:7:      minmay_temple_entry_mist
D:8:      lemuel_coloured_pillars_altar, overflow_temple_1_default
D:9:      zin_angel, old_standard_altar, serial_shops, shop, shop
D:10:     hiddenorc2_lemuel
D:11:     cheibrodos_ideogram_h, erik_lair_dragon, the_bakery,
          nicolae_ashenzari_panopticon
D:12:     grunt_decor_one_mirror
D:13:     david_vaults_5, serial_bayou_pond_e, corner_web_ring
Lair:1:   minivault_24, grunt_megastairs_3, lemuel_fruit_fields
Lair:2:   grunt_megastairs_5, uniq_gastronok
Lair:3:   dummy_snake_entry, lemuel_fruit_tree, serial_bayou_shore_a,
          grunt_megastairs_2
Lair:4:   nicolae_swamp_entry_splash_gauntlet
Lair:6:   hangedman_lair_in_review, hangedman_lair_caniforms_friends,
          dpeg_slime_entry_enclosed_altar, minmay_lair_oklob_chamber
Orc:1:    minmay_orc_barracks
Orc:2:    st_orc_open
Elf:1:    elf_arrival_001, basic_altar, serial_shops, shop,
          minmay_elf_crystal_hexagon, hangedman_elven_ridges, spider_trap,
          palyth_stone_intersect
Sewer:    sewer_kobolds

Skill      XL: |  1  2  3  4  5  6  7  8  9 10 11 12 13 14 15 16 |
---------------+-------------------------------------------------+-----
Spellcasting   | 5 6 7 8 9 10 11 | 11.6
Invocations    | 1 2 3 4 5 6 7 8 9 10 11 | 11.4
Short Blades   | 1 2 3 4 5 6 7 8 9 10 | 10.6
Long Blades    | 1 2 3 4 5 6 7 8 9 10 | 10.6
Axes           | 1 2 3 4 5 6 7 8 9 10 | 10.6
Maces & Flails | 1 2 3 4 5 6 7 8 9 10 | 10.6
Staves         | 1 2 3 4 5 6 7 8 9 10 | 10.6
Slings         | 1 2 3 4 5 6 7 8 9 10 | 10.6
Bows           | 1 2 3 4 5 6 7 8 9 10 | 10.6
Crossbows      | 1 2 3 4 5 6 7 8 9 10 | 10.6
Throwing       | 1 2 3 4 5 6 7 8 9 10 | 10.6
Stealth        | 1 2 3 4 5 6 7 8 9 10 | 10.6
Shields        | 1 2 3 4 5 6 7 8 9 10 | 10.6
Unarmed Combat | 1 2 3 4 5 6 7 8 9 10 | 10.6
Evocations     | 1 2 3 4 5 6 7 8 9 10 | 10.6
Conjurations   | 1 2 3 4 5 6 7 8 9 |  9.0
Hexes          | 1 2 3 4 5 6 7 8 9 |  9.0
Summonings     | 1 2 3 4 5 6 7 8 9 |  9.0
Necromancy     | 1 2 3 4 5 6 7 8 9 |  9.0
Translocations | 1 2 3 4 5 6 7 8 9 |  9.0
Transmutations | 1 2 3 4 5 6 7 8 9 |  9.0
Fire Magic     | 1 2 3 4 5 6 7 8 9 |  9.0
Ice Magic      | 1 2 3 4 5 6 7 8 9 |  9.0
Air Magic      | 1 2 3 4 5 6 7 8 9 |  9.0
Earth Magic    | 1 2 3 4 5 6 7 8 9 |  9.0
Poison Magic   | 1 2 3 4 5 6 7 8 9 |  9.0
Armour         | 3 4 5 6 7 8 9 10 | 10.9
Fighting       | 5 6 7 8 9 10 11 | 11.4
Polearms       | 5 6 7 8 9 10 11 | 11.4
Dodging        | 5 6 7 8 9 10 11 | 11.4
Charms         | 6 7 8 9 10 | 10.4

Action                   |  1- 3 |  4- 6 |  7- 9 | 10-12 | 13-15 | 16-18 || total
-------------------------+-------+-------+-------+-------+-------+-------++-------
Melee: Dagger            |    73 |   186 |     3 |       |       |       ||   262
       Bite              |     7 |    23 |    34 |    66 |    58 |     5 ||   193
       Spear             |     2 |       |       |       |       |       ||     2
       Punch             |     1 |     2 |       |       |       |       ||     3
       Quarterstaff      |       |       |   281 |   337 |    26 |       ||   644
       Battleaxe         |       |       |       |   165 |   421 |    21 ||   607
 Fire: Shortbow          |       |       |       |    31 |   691 |   131 ||   853
Throw: Stone             |       |    14 |     9 |       |       |       ||    23
       Tomahawk          |       |     1 |    13 |     7 |    10 |       ||    31
 Cast: Spectral Weapon   |       |     2 |    15 |    24 |    16 |       ||    57
       Regeneration      |       |     2 |     3 |    22 |    43 |     5 ||    75
       Infusion          |       |       |     1 |       |       |       ||     1
       Mephitic Cloud    |       |       |       |       |    50 |    15 ||    65
       Sticks to Snakes  |       |       |       |       |     2 |       ||     2
Invok: Heroism           |       |       |       |     4 |     4 |       ||     8
       Finesse           |       |       |       |     1 |     3 |     1 ||     5
Evoke: Wand              |       |       |       |    10 |    12 |       ||    22
       Phial of floods   |       |       |       |       |       |     1 ||     1
  Use: Scroll            |     2 |       |     9 |    13 |    12 |     3 ||    39
       Potion            |       |       |       |     6 |     3 |     3 ||    12
 Stab: Sleeping          |     1 |     1 |     1 |       |     1 |       ||     4
       Confused          |       |       |     2 |     1 |     8 |       ||    11
       Paralysed         |       |       |     4 |     2 |       |       ||     6
       Petrifying        |       |       |       |     1 |       |       ||     1
       Petrified         |       |       |       |     1 |       |       ||     1
       Distracted        |       |       |       |     1 |     1 |       ||     2
  Eat: Chunk             |     1 |     7 |    11 |    19 |    30 |     2 ||    70
       Ration            |       |       |     1 |     1 |       |       ||     2
Armor: Leather armour    |    16 |    32 |       |       |       |       ||    48
       Ring mail         |       |       |    43 |       |       |       ||    43
       Chain mail        |       |       |    94 |   302 |   307 |    17 ||   720
       Skin              |       |       |       |    59 |       |       ||    59
Dodge: Dodged            |    57 |   110 |   204 |   405 |   508 |    16 ||  1300
Block: Large shield      |       |    16 |       |       |       |       ||    16

Table legend:
 A = Spawn XP
 B = Non-spawn XP
 C = Spawn XP percentage of total XP
 D = Spawn monster count
 E = Non-spawn monster count
 F = Spawn count percentage of total count
 G = Total turns spent on level
                    A         B        C        D         E        F      G
               +---------+---------+-------+---------+---------+-------+---------
         Total |       0 |  148067 |   0.0 |       0 |     759 |   0.0 | 20395
               +---------+---------+-------+---------+---------+-------+---------
           D:1 |       0 |      23 |   0.0 |       0 |       7 |   0.0 |   625
           D:2 |       0 |     170 |   0.0 |       0 |      29 |   0.0 |  1191
           D:3 |       0 |      55 |   0.0 |       0 |      17 |   0.0 |  1018
           D:4 |       0 |     384 |   0.0 |       0 |      16 |   0.0 |   861
           D:5 |       0 |     645 |   0.0 |       0 |      30 |   0.0 |   742
           D:6 |       0 |     584 |   0.0 |       0 |      16 |   0.0 |  1088
           D:7 |       0 |     796 |   0.0 |       0 |      21 |   0.0 |   925
           D:8 |       0 |    2260 |   0.0 |       0 |      26 |   0.0 |   934
           D:9 |       0 |    2564 |   0.0 |       0 |      16 |   0.0 |   664
          D:10 |       0 |    5249 |   0.0 |       0 |      64 |   0.0 |  1226
          D:11 |       0 |   10310 |   0.0 |       0 |      53 |   0.0 |  1487
          D:12 |       0 |    9993 |   0.0 |       0 |      54 |   0.0 |   585
          D:13 |       0 |    1568 |   0.0 |       0 |       2 |   0.0 |    47
        Lair:1 |       0 |    4748 |   0.0 |       0 |      19 |   0.0 |   727
        Lair:2 |       0 |    5519 |   0.0 |       0 |      11 |   0.0 |   775
        Lair:3 |       0 |    8017 |   0.0 |       0 |      35 |   0.0 |  1015
        Lair:4 |       0 |   10066 |   0.0 |       0 |      36 |   0.0 |   891
        Lair:5 |       0 |    5507 |   0.0 |       0 |      24 |   0.0 |   702
        Lair:6 |       0 |   32765 |   0.0 |       0 |     107 |   0.0 |  2051
         Orc:1 |       0 |    5493 |   0.0 |       0 |      47 |   0.0 |   780
         Orc:2 |       0 |   18292 |   0.0 |       0 |      80 |   0.0 |  1103
         Elf:1 |       0 |   22942 |   0.0 |       0 |      39 |   0.0 |   717
         Sewer |       0 |     117 |   0.0 |       0 |      10 |   0.0 |   241
               +---------+---------+-------+---------+---------+-------+---------
